 Dungeon Crawl Stone Soup version 0.30-b1-5-g8e6c1be481 (webtiles) character file.

Game seed: 8429884729777780944

55 croobank the Firebug (level 3, -1/25 HPs)
             Began as a Demonspawn Fire Elementalist on May 4, 2023.
             Killed by nerve-wracking pain
             ... invoked by an orc priest
              (9 damage)
             ... on level 2 of the Dungeon.
             The game lasted 00:04:54 (1502 turns).

croobank the Firebug (Demonspawn Fire Elementalist) Turns: 1502, Time: 00:04:54

Health: -1/25      AC:  2    Str:  8    XL:     3   Next: 67%
Magic:  0/6        EV: 12    Int: 18    God:
Gold:   82         SH:  0    Dex: 17    Spells: 3/6 levels left

rFire   . . .        d - +0 dagger
rCold   . . .        (no shield)
rNeg    . . .        a - +0 robe
rPois   .            (no helmet)
rElec   .            (no cloak)
rCorr   .            (no gloves)
SInv    .            (no boots)
Will    .....        (no amulet)
Stlth   ++++         (no ring)
HPRegen 0.24/turn    (no ring)
MPRegen 0.10/turn

%: no passive effects
@: no status effects
A: thin skeletal structure 2
a: no special abilities


You were on level 2 of the Dungeon.
You visited 1 branch of the dungeon, and saw 2 of its levels.

You collected 82 gold pieces.

Inventory:

Hand Weapons
 d - a +0 dagger (weapon)
 f - a +0 whip
Missiles
 g - 8 poisoned darts
 k - 4 boomerangs
Armour
 a - a +0 robe (worn)
 m - a +0 leather armour
Scrolls
 c - a scroll of blinking {unknown}
 e - 2 scrolls of teleportation {unknown}
 h - a scroll of noise {unknown}
 i - a scroll of amnesia {unknown}
 j - a scroll of poison {unknown}
 l - a scroll of identify {unknown}
Potions
 b - a potion of magic


   Skills:
 + Level 0.7 Fighting
 + Level 2.2 Dodging
 + Level 2.3 Stealth
 + Level 2.3 Spellcasting
 + Level 1.6 Conjurations
 + Level 3.0 Fire Magic


You had 3 spell levels left.
You knew the following spells:

 Your Spells              Type           Power      Damage    Failure   Level
a - Foxfire               Conj/Fire      40%        2x1d6     7%          1
b - Scorch                Fire           26%        2d6       8%          2

Your spell library contained the following spells:

 Spells                   Type           Power      Damage    Failure   Level
 Inner Flame              Hex/Fire       7%         N/A       28%         3
 Volatile Blastmotes      Fire/Tloc      14%        2d11      28%         3
 Ozocubu's Armour         Ice            2%         N/A       45%         3
 Flame Wave               Conj/Fire      10%        2d6       54%         4
 Ozocubu's Refrigeration  Ice            1%         4d7       100%        7


Dungeon Overview and Level Annotations

Branches:
Dungeon (2/15)

Altars:


Innate Abilities, Weirdness & Mutations

You have a moderately thin skeletal structure. (Dex +4, Stealth++)


Message History

There is a stone staircase leading down here.
Things that are here:
a +0 dagger; a +0 leather armour; an orc corpse
m - a +0 leather armour
There is a stone staircase leading down here.
You climb downwards.
There is a stone staircase leading up here.
Casting: Scorch (safe; 8% risk of failure)
Confirm with . or Enter, or press ? or * to list all spells.
Flames lash the orc.
You kill the orc!
You hear a shout!
You start resting.
Magic restored.
Things that are here:
a +0 short sword; an orc corpse
Casting: Scorch (safe; 8% risk of failure)
Confirm with . or Enter, or press ? or * to list all spells.
Flames lash the orc.
You kill the orc!
You hear a shout! x2
Casting: Scorch (safe; 8% risk of failure)
Confirm with . or Enter, or press ? or * to list all spells.
Flames lash the orc priest.
The orc priest is lightly wounded.
The orc priest's fire resistance burns away.
The orc priest calls down the wrath of Beogh upon you.
Beogh smites you!
Casting: Scorch (safe; 8% risk of failure)
Confirm with . or Enter, or press ? or * to list all spells.
Flames lash the orc priest.
The orc priest is burned terribly!
The orc priest is severely wounded.
The orc priest calls down the wrath of Beogh upon you.
Beogh smites you!
Casting: Scorch (safe; 8% risk of failure)
Confirm with . or Enter, or press ? or * to list all spells.
You don't have enough magic to cast this spell.
The orc priest mumbles some strange prayers to Beogh against you.
Pain shoots through your body!
You die...

# #.####### #.#....#
#######.#.##.#
#>....#.#.##.####
#.###.#.#.#.....#
#.##..#.#.#..##.#
#.##.##......##.#
######.##)##...##.##.#
#.......#.@...o##.##.#
#.#<....#####o)......#
#.#####.# #...#.####
#.# #.# #...#...# #.#
#.# #..o###.#
#.#####.#####...# #.#
#...............###.#
#.#####.............#
#.# #######..######


You could see an orc priest (combustible) and an orc.

Vanquished Creatures
  An adder (D:2)
  A dart slug (D:1)
  3 orcs
  6 ball pythons
  3 bats (D:1)
  4 endoplasms
  A giant cockroach (D:2)
  2 goblins (D:1)
  3 hobgoblins (D:1)
  5 kobolds (D:1)
  3 quokkas (D:1)
  4 frilled lizards (D:1)
  3 rats (D:1)
39 creatures vanquished.

Vanquished Creatures (others)
  68 foxfires (D:1)
68 creatures vanquished.

Grand Total: 107 creatures vanquished

Notes
Turn   | Place    | Note
-------+----------+-------------------------------------------
     0 | D:1      | croobank the Demonspawn Fire Elementalist began the quest
                  | for the Orb.
     0 | D:1      | Reached XP level 1. HP: 13/13 MP: 3/3
   211 | D:1      | Gained mutation: You have a somewhat thin skeletal
                  | structure. (Dex +2, Stealth+) [demonic ancestry]
   211 | D:1      | Reached XP level 2. HP: 19/19 MP: 1/5
   214 | D:1      | Learned a level 2 spell: Scorch
   961 | D:1      | Gained mutation: You have a moderately thin skeletal
                  | structure. (Dex +4, Stealth++) [demonic ancestry]
   961 | D:1      | Reached XP level 3. HP: 24/24 MP: 2/6
  1117 | D:1      | Reached skill level 3 in Fire Magic
  1502 | D:2      | Killed from afar by an orc priest

Illustrated notes

Levels and vault maps discovered:
D:1:      scummos_arrival_star, layout_basic, minmay_tall_x
D:2:      layout_basic, roderic_roman_lattice, nicolae_shop_vocational

Skill      XL: |  1  2  3 |
---------------+----------+-----
Stealth        | 2 |  2.3
Dodging        | 2 |  2.2
Fire Magic     | 3 |  3.0
Fighting       | |  0.7
Spellcasting   | |  2.3
Conjurations   | |  1.6

Action                     || total
---------------------------++-------
  Melee: Unarmed           ||     1
         Dagger            ||    11
   Cast: Foxfire           ||    39
         Scorch            ||    17
   Stab: Sleeping          ||     2
 Armour: Robe              ||     3
  Dodge: Dodged            ||    13
